 Dungeon Sprint DCSS version 0.20.1-1-g8b1a95d66d (webtiles) character file.

10800000 Jannitor the Conqueror (level 27, -8/323 HPs)
             Began as an Ogre Chaos Knight on Nov 23, 2017.
             Was the Champion of Makhleb.
             Killed by divine providence
             ... invoked by an accursed
              (17 damage)
             ... in the Dungeon (Sprint VIII: "Arena of Blood").
             The game lasted 00:06:05 (108 turns).

Jannitor the Conqueror (Ogre Chaos Knight)           Turns: 108, Time: 00:06:06

Health: -8/323     AC:  7    Str: 25    XL:     27
Magic:  43/54      EV: 30    Int: 13    God:    Makhleb [******]
Gold:   0          SH:  0    Dex: 16    Spells: 80/80 levels left

rFire    + . .     SeeInvis +   j - +∞ Axe of Woe
rCold    . . .     Gourm    .   (shield currently unavailable)
rNeg     . . .     Faith    .   b - +2 robe
rPois    .         Spirit   .   (helmet restricted)
rElec    .         Reflect  .   (no cloak)
rCorr    .         Harm     .   (gloves unavailable)
MR       ++...     NoTele   +   (boots unavailable)
Stlth    +++++++++.             (no amulet)
Regen    0.7/turn               k - ring of see invisible
MPRegen  0.4/turn               l - ring of protection from fire

@: very slightly contaminated, hasted, very quick
A: unfitting armour, tough skin 1
a: Minor Destruction, Lesser Servant of Makhleb, Major Destruction, Greater
Servant of Makhleb, Renounce Religion


You were in the Dungeon.
You worshipped Makhleb.
Makhleb was exalted by your worship.
You were not hungry.

You visited 1 branch

Inventory:

Hand Weapons
 a - a +0 hand axe of chaos
 j - the +∞ Axe of Woe (weapon)
   (You found it in the Dungeon)
Armour
 b - a +2 robe (worn)
Jewellery
 k - a ring of see invisible (left hand)
 l - a ring of protection from fire (right hand)
Potions
 d - a potion of curing
 g - 2 potions of magic
 h - a potion of berserk rage
Comestibles
 c - a bread ration


   Skills:
 O Level 27 Fighting
 O Level 27 Axes
 O Level 27 Throwing
 O Level 27 Armour
 O Level 27 Dodging
 O Level 27 Stealth
 O Level 27 Unarmed Combat
 O Level 27 Spellcasting
 O Level 27 Invocations


You had 80 spell levels left.
You didn't know any spells.

Dungeon Overview and Level Annotations

Branches:
Dungeon (1/1)

Altars:
Makhleb

Annotations:
D The Defiler


Innate Abilities, Weirdness & Mutations

You are too large for most types of armour.
You have tough skin. (AC +1)


Message History

Unknown command.
Unknown command.
Unknown command.
You feel yourself speed up.
You hear a shout! x2
The observer is engulfed in blazing flames.
You hear a shout! x3
The observer is engulfed in blazing flames.
You hear a shout! x2
The accursed is engulfed in blazing flames.
You hear a shout!
Edmund the Younger comes into view.
He is wielding a +9 demon whip of slashing.
Unknown command.
A dread comes into view.
You hear a shout! x5
The accursed is engulfed in blazing flames.
The accursed points at you and mumbles some strange words.
Something smites you!
You die...
Xom is highly amused!

####.........####)....##)#
#%.%......)%#........x.x§)
#......))))..#.....x.x..#§
#..%.))))))..#.....x...x).
#%.@))))###...#........)))
#..)))###......#......x)))
#.)))#.............X...)))
#..))....#...........%))).
#..).....@#........#.)))).
#..).%.......#.....#......
#..)......#......###......
#))..#................###.
#§§M.##.......#........_..
#)§G..#.....#.......#.....
#)§§o..###......W...#_.<._
#§§§o.## ..# ......#.....
#G§§o#... #........_..


You could see an accursed, The Defiler (wandering) and a dread (wandering).

Vanquished Creatures
  3 hell beasts (D)
  A greater mummy (D)
  2 great orbs of eyes (D)
  2 wraiths (D)
  11 vampire knights (D)
  22 ogres (D)
  7 two-headed ogres (D)
  5 liches (D)
  72 orcs (D)
  2 skeletal warriors (D)
  3 large abominations (D)
  2 small abominations (D)
  5 crawling corpses (D)
137 creatures vanquished.

Vanquished Creatures (others)
  A two-headed ogre (D)
  8 crawling corpses (D)
9 creatures vanquished.

Grand Total: 146 creatures vanquished

Notes
Turn   | Place    | Note
-------+----------+-------------------------------------------
     0 | D        | Jannitor the Ogre Chaos Knight began the quest for the Orb.
     0 | D        | Reached XP level 1. HP: 24/24 MP: 1/1
     3 | D        | Noticed a bag of meat
     4 | D        | Fell from the grace of Xom
     4 | D        | Became a worshipper of Makhleb the Destroyer
     6 | D        | Noticed a bag of meat
     6 | D        | Noticed a bag of meat
     6 | D        | Noticed a bag of meat
     6 | D        | Noticed a bag of meat
     7 | D        | Noticed a bag of meat
     8 | D        | Noticed a meat berserker
     9 | D        | Noticed a meat berserker
     9 | D        | Killed a bag of meat
     9 | D        | Reached skill level 15 in Dodging
     9 | D        | Reached XP level 2. HP: 67/67 MP: 2/2
     9 | D        | Reached XP level 3. HP: 76/76 MP: 3/3
     9 | D        | Reached XP level 4. HP: 85/85 MP: 4/4
     9 | D        | Reached XP level 5. HP: 94/94 MP: 5/5
     9 | D        | Reached XP level 6. HP: 104/104 MP: 6/6
     9 | D        | Reached XP level 7. HP: 113/113 MP: 7/7
     9 | D        | Reached XP level 8. HP: 122/122 MP: 8/8
     9 | D        | Reached XP level 9. HP: 131/131 MP: 9/9
     9 | D        | Reached XP level 10. HP: 140/140 MP: 10/10
     9 | D        | Reached XP level 11. HP: 149/149 MP: 11/11
     9 | D        | Reached XP level 12. HP: 158/158 MP: 12/12
    10 | D        | Noticed a meat berserker
    10 | D        | Noticed a bag of meat
    10 | D        | Noticed a bag of meat
    10 | D        | Noticed a bag of meat
    11 | D        | Noticed a bag of meat
    11 | D        | Noticed a bag of meat
    11 | D        | Noticed a meat berserker
    11 | D        | Noticed a bag of meat
    11 | D        | Noticed a bag of meat
    11 | D        | Noticed a meat berserker
    11 | D        | Noticed a bag of meat
    12 | D        | Noticed a bag of meat
    12 | D        | Noticed a bag of meat
    12 | D        | Noticed a bag of meat
    12 | D        | Killed a meat berserker
    12 | D        | Reached * piety under Makhleb
    12 | D        | Reached XP level 13. HP: 145/182 MP: 13/13
    12 | D        | Reached XP level 14. HP: 153/192 MP: 14/14
    12 | D        | Killed a bag of meat
    12 | D        | Killed a bag of meat
    12 | D        | Reached skill level 27 in Fighting
    12 | D        | Reached XP level 15. HP: 164/206 MP: 15/15
    13 | D        | Noticed a meat berserker
    13 | D        | Killed a meat berserker
    13 | D        | Reached ** piety under Makhleb
    13 | D        | Reached XP level 16. HP: 217/217 MP: 16/16
    13 | D        | Killed a meat berserker
    14 | D        | Killed a meat berserker
    14 | D        | Reached skill level 27 in Dodging
    14 | D        | Reached XP level 17. HP: 226/226 MP: 17/17
    14 | D        | Reached *** piety under Makhleb
    14 | D        | Reached skill level 27 in Axes
    14 | D        | Reached skill level 1 in Throwing
    14 | D        | Reached skill level 1 in Armour
    14 | D        | Reached skill level 1 in Stealth
    14 | D        | Reached skill level 1 in Unarmed Combat
    14 | D        | Reached skill level 1 in Spellcasting
    14 | D        | Reached skill level 5 in Armour
    14 | D        | Reached skill level 5 in Stealth
    14 | D        | Reached skill level 5 in Unarmed Combat
    14 | D        | Reached XP level 18. HP: 236/236 MP: 17/28
    15 | D        | Killed a meat berserker
    15 | D        | Reached skill level 10 in Throwing
    15 | D        | Reached skill level 10 in Unarmed Combat
    15 | D        | Reached **** piety under Makhleb
    15 | D        | Reached skill level 10 in Armour
    15 | D        | Reached skill level 10 in Stealth
    15 | D        | Killed a meat berserker
    15 | D        | Reached skill level 15 in Spellcasting
    15 | D        | Reached skill level 15 in Invocations
    15 | D        | Reached XP level 19. HP: 245/245 MP: 17/38
    15 | D        | Reached skill level 15 in Throwing
    16 | D        | Reached skill level 15 in Unarmed Combat
    17 | D        | Noticed a meat berserker
    17 | D        | Reached ***** piety under Makhleb
    17 | D        | Reached skill level 15 in Armour
    17 | D        | Reached skill level 15 in Stealth
    17 | D        | Reached XP level 20. HP: 256/256 MP: 17/43
    18 | D        | Noticed a meat berserker
    18 | D        | Noticed a meat berserker
    18 | D        | Noticed a meat berserker
    19 | D        | Noticed a meat berserker
    19 | D        | Reached XP level 21. HP: 265/265 MP: 18/47
    19 | D        | Reached ****** piety under Makhleb
    20 | D        | Noticed a large bag of meat
    20 | D        | Noticed a destroyer
    21 | D        | Killed a destroyer
    21 | D        | Reached XP level 22. HP: 275/275 MP: 18/51
    21 | D        | Reached skill level 27 in Spellcasting
    21 | D        | Reached skill level 27 in Invocations
    21 | D        | Reached XP level 23. HP: 284/284 MP: 18/54
    23 | D        | Reached skill level 27 in Throwing
    23 | D        | Reached skill level 27 in Unarmed Combat
    24 | D        | Noticed a destroyer
    25 | D        | Noticed a large bag of meat
    25 | D        | Reached skill level 27 in Armour
    25 | D        | Reached skill level 27 in Stealth
    25 | D        | Reached XP level 24. HP: 295/295 MP: 19/54
    27 | D        | Noticed a large bag of meat
    28 | D        | Killed a large bag of meat
    29 | D        | Noticed a large bag of meat
    31 | D        | Killed a large bag of meat
    31 | D        | Reached XP level 25. HP: 303/304 MP: 21/54
    37 | D        | Noticed a destroyer
    40 | D        | Killed a destroyer
    40 | D        | Reached XP level 26. HP: 314/314 MP: 24/54
    48 | D        | Reached XP level 27. HP: 323/323 MP: 26/54
    54 | D        | Noticed a destroyer
    54 | D        | Noticed a tyrant
    54 | D        | Noticed a tyrant
    55 | D        | Killed a destroyer
    57 | D        | Killed a destroyer
    58 | D        | Noticed a destroyer
    59 | D        | Killed a large bag of meat
    59 | D        | Killed a large bag of meat
    60 | D        | Noticed a destroyer
    60 | D        | Noticed an accursed
    61 | D        | Killed a destroyer
    64 | D        | Killed a tyrant
    68 | D        | Noticed a tyrant
    69 | D        | Noticed a meat beast
    69 | D        | Noticed a destroyer
    69 | D        | Killed a tyrant
    70 | D        | Killed a destroyer
    70 | D        | Killed a meat beast
    71 | D        | Noticed a dread
    71 | D        | Noticed a large bag of meat
    71 | D        | Noticed a dread
    76 | D        | Killed a large bag of meat
    76 | D        | Killed a destroyer
    77 | D        | Killed a dread
    81 | D        | Noticed a meat beast
    81 | D        | Killed a tyrant
    82 | D        | Noticed a destroyer
    82 | D        | Noticed a meat beast
    82 | D        | Killed a dread
    82 | D        | Killed a meat beast
    87 | D        | Noticed a large bag of meat
    87 | D        | Killed a meat beast
    88 | D        | Noticed an accursed
    89 | D        | Noticed a large bag of meat
    90 | D        | Noticed a tyrant
    90 | D        | Noticed a destroyer
    91 | D        | Killed a destroyer
    93 | D        | Noticed a large bag of meat
    93 | D        | Killed a large bag of meat
    94 | D        | Noticed a large bag of meat
    94 | D        | Killed a destroyer
    96 | D        | Noticed a destroyer
    96 | D        | Killed an accursed
    97 | D        | Noticed a destroyer
    98 | D        | Killed a tyrant
    99 | D        | Killed a destroyer
   100 | D        | Killed a destroyer
   101 | D        | Killed a large bag of meat
   101 | D        | Killed a large bag of meat
   101 | D        | Noticed a tyrant
   102 | D        | Noticed a tyrant
   102 | D        | Killed a tyrant
   103 | D        | HP: 14/323 [tyrant/the air (49)]
   104 | D        | Noticed a dread
   105 | D        | Noticed an accursed
   108 | D        | Noticed The Defiler
   108 | D        | Noticed a dread
   108 | D        | Killed from afar by an accursed

Skill      XL: |  1  2  3  4  5  6  7  8  9 10 11 12 13 14 15 16 17 18 19 20 21 22 23 |
---------------+----------------------------------------------------------------------+-----
Fighting       | 20 25 27 | 27.0
Axes           | 13 16 18 21 25 27 | 27.0
Dodging        | 15 19 21 24 27 | 27.0
Throwing       | 6 14 17 20 23 26 27 | 27.0
Armour         | 5 12 15 17 20 23 27 | 27.0
Stealth        | 5 12 15 17 20 23 27 | 27.0
Unarmed Combat | 5 13 16 19 22 24 27 | 27.0
Spellcasting   | 7 15 19 22 25 27 | 27.0
Invocations    | 7 15 19 22 25 27 | 27.0

Action                   |  1- 3 |  4- 6 |  7- 9 | 10-12 | 13-15 | 16-18 | 19-21 | 22-24 | 25-27 || total
-------------------------+-------+-------+-------+-------+-------+-------+-------+-------+-------++-------
Melee: Executioner's axe |     1 |       |       |     1 |     1 |     2 |     4 |     4 |    38 ||    51
  Use: Potion            |       |       |       |       |       |       |       |       |     2 ||     2
       Scroll            |       |       |       |       |       |       |       |       |     1 ||     1
Armor: Robe              |       |       |       |       |       |       |       |       |     1 ||     1
Dodge: Dodged            |       |       |       |       |     1 |       |     2 |     1 |     7 ||    11
